Map: Newkirk Precinct TE (Void)

Players

McMonroe - Winner!

  • Race: Zerg Zerg
  • Spawn Location: 5:00

ZergGirl

  • Race: Zerg Zerg
  • Spawn Location: 7:00

Event: WCS Austin 2017

VOD

Have the link to the VOD?

Description

Time

  • Played on: April 28, 2017, 2:17 p.m.
  • Length: 7:41

All games in this series

Show
View Real Time Build Order
Export as new Build Order

McMonroe Zerg - Winner!

Build Orders: Hatch First, Zergling Baneling 

Get SALT Encoding   

  12  0:00  Drone  
  13  0:12  Overlord  
  13  0:18  Drone  
  14  0:31  Drone x2  
  14  0:35  Drone  
  17  0:53  Hatchery  
  17  0:56  Drone  
  17  0:58  Drone  
  18  1:10  Extractor  
  17  1:13  Spawning Pool  
  17  1:16  Drone  
  17  1:19  Drone  
  18  1:28  Drone  
  19  1:38  Overlord  
  19  1:59  Queen  
  19  2:01  Zergling x4  
  23  2:04  Queen  
  25  2:09  Metabolic Boost  
  25  2:15  Drone x2  
  27  2:19  Drone  
  28  2:24  Drone  
  28  2:27  Drone  
  30  2:33  Drone  
  30  2:35  Queen  
  33  2:41  Drone, Baneling Nest  
  33  2:45  Overlord  
  33  2:49  Zergling x2  
  34  3:00  Drone x2  
  34  3:05  Zergling x2  
  36  3:17  Hatchery  
  35  3:25  Zergling x12  
  41  3:28  Baneling x3  
  41  3:29  Baneling  
  40  3:35  Zergling x4  
  40  3:40  Drone  
  43  3:53  Baneling x2  
  42  4:00  Overlord x2  
  42  4:12  Drone  
  43  4:18  Queen  
  43  4:22  Zergling x12  
  46  4:35  Baneling x2  
  46  4:37  Zergling x8  
  46  4:38  Baneling  
  48  4:39  Queen  
  47  4:47  Zergling x6  
  47  4:51  Zergling x2  
  46  4:54  Baneling x2  
  46  4:57  Drone x2  
  48  5:02  Baneling  
  48  5:03  Baneling  
  48  5:14  Baneling x2  
  46  5:23  Zergling x18  
  53  5:29  Baneling  
  49  5:39  Drone x9  
  57  5:46  Queen  
  57  5:47  Queen  
  61  5:52  Drone x3  
  61  5:54  Extractor  
  61  5:55  Roach Warren, Extractor  
  61  5:56  Baneling x2  
  60  5:59  Overlord  
  57  6:16  Zergling x2  
  57  6:17  Zergling x8  
  59  6:26  Baneling  
  59  6:28  Baneling x2  
  59  6:30  Zergling x10  
  63  6:35  Roach  
  63  6:39  Baneling x2  
  65  6:44  Roach x3  
  71  6:50  Baneling x2  
  71  6:52  Roach  
  71  6:53  Overlord x2  
  73  6:54  Baneling x2  
  59  7:09  Roach  
  59  7:10  Roach x4  
  69  7:17  Roach x2  
  69  7:18  Zergling x10  
Show
View Real Time Build Order
Export as new Build Order

ZergGirl Zerg 

Build Orders: Hatch First 

Get SALT Encoding   

  12  0:01  Drone  
  13  0:13  Overlord  
  13  0:18  Drone  
  14  0:32  Drone x2  
  14  0:35  Drone  
  17  0:54  Hatchery  
  16  0:57  Drone  
  16  1:02  Drone  
  18  1:07  Extractor  
  18  1:08  Drone  
  18  1:21  Spawning Pool  
  18  1:23  Drone  
  18  1:28  Drone  
  19  1:39  Overlord  
  19  1:53  Drone  
  20  2:07  Queen, Metabolic Boost  
  20  2:08  Queen  
  22  2:10  Drone  
  22  2:12  Drone  
  26  2:16  Drone  
  26  2:21  Zergling x2  
  28  2:25  Drone  
  29  2:32  Drone  
  29  2:33  Baneling Nest  
  29  2:39  Zergling x4  
  29  2:44  Overlord  
  31  2:51  Zergling x2  
  32  3:02  Zergling x4  
  34  3:06  Zergling x2  
  35  3:14  Zergling x2  
  36  3:21  Overlord x2  
  36  3:30  Baneling x3  
  36  3:31  Baneling  
  36  3:33  Hatchery  
  35  3:34  Zergling x2  
  35  3:40  Zergling x6  
  39  3:43  Zergling x2  
  36  3:59  Zergling x4  
  36  4:00  Zergling x4  
  39  4:04  Zergling x6  
  39  4:07  Zergling x4  
  44  4:11  Zergling x2  
  45  4:21  Zergling x2  
  44  4:30  Zergling x2  
  44  4:31  Zergling x2  
  41  4:35  Zergling x6  
  41  4:36  Zergling x2  
  41  4:37  Baneling x2  
  44  4:39  Zergling x6  
  45  4:50  Zergling x2  
  45  4:51  Zergling x6  
  44  5:01  Baneling x4  
  44  5:02  Baneling x2  
  44  5:04  Zergling x4  
  46  5:08  Zergling x2  
  40  5:35  Zergling x2  
  36  5:36  Zergling x18  
  43  5:49  Zergling x8  
  47  5:50  Zergling x2  
  47  5:54  Baneling x3  
  47  5:55  Zergling x2  
  41  6:18  Zergling x16  
  41  6:24  Zergling x4  
  48  6:34  Baneling x3  
  48  6:35  Baneling x3  
  48  6:38  Zergling x4  
  50  6:43  Zergling x4  
  52  6:48  Zergling x2  
  52  6:49  Zergling x2  
  38  7:11  Zergling x16  
  42  7:18  Zergling x2  
  42  7:19  Zergling x4  
Tags
 
Add a new tag
Caveats
  • Supply blocks, unpowered buildings, or Contaminate may cause inaccurate times.
  • Supply counts are checked every 10 seconds.